[Event "Titled Tuesday Blitz April 18 Early 2023"]
[White "Fuzesabonyilaci"]
[Black "Birkisson, Bardur Orn"]
[BlackFideId "2310597"]
[WhiteElo "2328"]
[BlackElo "2062"]
[Result "1-0"]
[Round "07"]
[TimeControl "180+2"]
[Date "2023.04.18"]
[WhiteClock "0:00:06"]
[BlackClock "0:00:02"]

1. e4 Nf6 2. e5 Nd5 3. d4 d6 4. c4 Nb6 5. exd6 exd6 6. Nc3 Be7 7. Bd3 O-O 8. Nge2 Bg4 9. f3 Bh5 10. O-O c6 11. Nf4 Bg6 12. Nxg6 hxg6 13. Be3 Na6 14. b3 Nc7 15. Re1 Bf6 16. Ne4 d5 17. Nxf6+ Qxf6 18. c5 Nd7 19. b4 Ne6 20. Bf1 Rfe8 21. Qd2 b6 22. b5 bxc5 23. bxc6 Nb8 24. dxc5 Nxc6 25. Qxd5 Ne7 26. Qc4 Nf5 27. Bf2 Rac8 28. Rac1 Rc7 29. c6 Rec8 30. Qa4 Ned4 31. Ba6 Rxc6 32. Bxc8 Rxc1 33. Qe8+ Kh7 34. Rxc1 Nxf3+ 35. gxf3 Qg5+ 36. Kf1 Qxc1+ 37. Kg2 Qg5+ 38. Bg3 Qd2+ 39. Kf1 Qc1+ 40. Kf2 Qd2+ 41. Qe2 Qd4+ 42. Kg2 Ne3+ 43. Kh3 Nd5 44. Qe4 1-0


[Site "https://www.chess.com"]

[Event "Titled Tuesday Blitz April 18 Early 2023"]
[White "Shuvalov, Evgenij"]
[Black "ibove"]
[WhiteFideId "4187237"]
[WhiteElo "2080"]
[BlackElo "2323"]
[Result "1-0"]
[Round "07"]
[TimeControl "180+2"]
[Date "2023.04.18"]
[WhiteClock "0:01:29"]
[BlackClock "0:00:10"]

1. d4 Nf6 2. c4 g6 3. Nc3 Bg7 4. e4 d6 5. Nf3 O-O 6. Be2 Nc6 7. O-O e5 8. d5 Ne7 9. Ne1 Ne8 10. f3 f5 11. g4 fxg4 12. fxg4 Rxf1+ 13. Kxf1 Nf6 14. Nd3 Bd7 15. Nf2 a6 16. Be3 Qf8 17. Kg2 Qf7 18. h3 Rf8 19. Qd2 b5 20. c5 h5 21. g5 Nh7 22. h4 Rb8 23. c6 Bc8 24. b4 Nf8 25. a4 bxa4 26. Rxa4 Kh7 27. Ncd1 Nxc6 28. dxc6 Qb3 29. Qa2 Rxb4 30. Qxb3 Rxb3 31. Bxa6 Be6 32. Bc4 Bxc4 33. Rxc4 Ne6 34. Kf1 Nd4 35. Bxd4 exd4 36. Ke2 Rg3 37. Ra4 Be5 38. Ra7 d5 39. exd5 Kg7 40. Ra8 Kf7 41. Rd8 Rg2 42. d6 d3+ 43. Kxd3 Rg3+ 44. Ke4 Ra3 45. Kxe5 cxd6+ 46. Kxd6 1-0


[Site "https://www.chess.com"]

[Event "Titled Tuesday Blitz April 18 Early 2023"]
[White "Bettalli, Francesco"]
[Black "Ardila, Oscar Humberto"]
[WhiteFideId "2816453"]
[BlackFideId "4404742"]
[WhiteElo "2216"]
[BlackElo "1918"]
[Result "1-0"]
[Round "07"]
[TimeControl "180+2"]
[Date "2023.04.18"]
[WhiteClock "0:01:18"]
[BlackClock "0:00:12"]

1. d4 Nf6 2. Nc3 e6 3. Bg5 Be7 4. Qd2 h6 5. Bxf6 Bxf6 6. e4 d6 7. f4 O-O 8. Nf3 Nd7 9. h4 c5 10. O-O-O Qa5 11. g4 cxd4 12. Nxd4 e5 13. Nb3 Qb4 14. g5 Be7 15. Kb1 exf4 16. Nd5 Qxd2 17. Nxe7+ Kh8 18. Rxd2 Ne5 19. gxh6 gxh6 20. Nf5 Bxf5 21. exf5 Rad8 22. Bd3 Kg7 23. Rg1+ Kh8 24. Rf2 f3 25. Nd4 Rg8 26. Rxg8+ Rxg8 27. b3 Rg2 28. Rf1 f2 29. Be2 Kg7 30. Kc1 Kf6 31. Kd2 Rh2 32. Ke3 Rxh4 33. Rxf2 Rh3+ 34. Kd2 a6 35. c4 Rh4 36. Nc2 Rh1 37. Nb4 Nc6 38. Nxc6 bxc6 39. c5 dxc5 40. Bxa6 Ra1 41. Kc3 Ke5 42. Bb7 Kd6 43. a4 Rc1+ 44. Kb2 Rg1 45. Ba6 Kc7 46. f6 Kb6 47. Bc4 h5 48. Bxf7 h4 49. Be6 Kc7 50. f7 1-0


[Site "https://www.chess.com"]

[Event "Titled Tuesday Blitz April 18 Early 2023"]
[White "Theytookourjobs"]
[Black "Namitbir Singh Walia"]
[BlackFideId "35071068"]
[WhiteElo "2314"]
[BlackElo "2239"]
[Result "1/2-1/2"]
[Round "07"]
[TimeControl "180+2"]
[Date "2023.04.18"]
[WhiteClock "0:00:22"]
[BlackClock "0:00:11"]

1. d4 Nf6 2. Bf4 d5 3. e3 c5 4. Nc3 Nc6 5. Nb5 e5 6. Bxe5 Nxe5 7. dxe5 Ng4 8. Qxd5 Qxd5 9. Nc7+ Kd7 10. Nxd5 Kc6 11. c4 Nxe5 12. Nf3 Nxf3+ 13. gxf3 Be6 14. O-O-O g6 15. f4 Rd8 16. Bg2 Bg7 17. Rd2 Kd7 18. Rhd1 Kc8 19. Be4 f5 20. Bf3 b6 21. Ne7+ Kc7 22. Rxd8 Rxd8 23. Rxd8 Kxd8 24. Nd5 Kd7 25. b3 Kd6 26. Kc2 Bd7 27. Kd3 Bc6 28. Ke2 b5 29. Kd3 a6 30. Bg2 Bb7 31. Bf3 h6 32. Bg2 g5 33. fxg5 hxg5 34. Bf3 g4 35. Bg2 Be5 36. e4 fxe4+ 37. Bxe4 Bxh2 38. Bf5 Bg1 39. Bxg4 Bxf2 40. Be2 Bd4 41. Nc3 Bc6 42. cxb5 axb5 43. Kc2 b4 44. Nb5+ Ke5 45. Nxd4 Kxd4 46. Bc4 Be4+ 47. Kb2 Bd3 48. Bg8 Ke3 49. Bf7 Kd2 50. Bg8 Bb5 51. Bf7 Bc6 52. Bg8 Be4 53. Bf7 Bc6 54. Bg8 Bb7 55. Bf7 Ba6 56. Bg8 Kd3 57. Bf7 Kd4 58. Bg8 Bb7 59. Bf7 Be4 60. a3 bxa3+ 61. Kxa3 Kc3 62. Bg8 Bc2 63. Bf7 Bd1 64. Bg8 Bf3 65. Bf7 Bc6 66. Bg8 Kd4 67. Kb2 Bd5 68. Bxd5 Kxd5 69. Kc3 Kd6 70. Kc4 Kc6 71. b4 cxb4 72. Kxb4 1/2-1/2


[Site "https://www.chess.com"]

[Event "Titled Tuesday Blitz April 18 Early 2023"]
[White "Kielinkei"]
[Black "Ng, Gary"]
[BlackFideId "2604914"]
[WhiteElo "2448"]
[BlackElo "2312"]
[Result "1-0"]
[Round "07"]
[TimeControl "180+2"]
[Date "2023.04.18"]
[WhiteClock "0:00:19"]
[BlackClock "0:00:07"]

1. e4 b6 2. d4 Bb7 3. Bd3 Nf6 4. Qe2 Nc6 5. c3 e5 6. Nf3 exd4 7. Nxd4 Be7 8. Nxc6 dxc6 9. O-O O-O 10. e5 Nd5 11. Rd1 Qc8 12. c4 Nb4 13. Be4 c5 14. Nc3 Bxe4 15. Qxe4 Qe6 16. Nd5 Rac8 17. Bf4 c6 18. Nxe7+ Qxe7 19. a3 Na6 20. Rd6 Rfd8 21. Rxc6 Rxc6 22. Qxc6 Nc7 23. Qf3 Ne6 24. Be3 Qc7 25. Qe4 Qd7 26. f4 Qa4 27. f5 Nd4 28. e6 Qxc4 29. exf7+ Kxf7 30. Kh1 Re8 31. Qf4 Qe2 32. Bxd4 Qe1+ 33. Rxe1 Rxe1+ 34. Bg1 1-0


[Site "https://www.chess.com"]

[Event "Titled Tuesday Blitz April 18 Early 2023"]
[White "Fajdetic, Hrvoje"]
[Black "Kubatko, Ivan"]
[WhiteFideId "14501945"]
[BlackFideId "24111473"]
[WhiteElo "2185"]
[BlackElo "2285"]
[Result "1-0"]
[Round "07"]
[TimeControl "180+2"]
[Date "2023.04.18"]
[WhiteClock "0:00:04"]
[BlackClock "0:00:01"]

1. d4 d5 2. Bf4 c5 3. e3 Nf6 4. Nc3 a6 5. dxc5 Nc6 6. Nf3 Bg4 7. Be2 Bxf3 8. Bxf3 e5 9. Bg5 e4 10. Be2 d4 11. exd4 Qxd4 12. Qxd4 Nxd4 13. Bxf6 Nxc2+ 14. Kd2 Nxa1 15. Bh4 g5 16. Bxg5 Rg8 17. Bh4 Rxg2 18. Nxe4 Bh6+ 19. Kc3 Bg7+ 20. Kd2 Bh6+ 21. Kc3 Bg7+ 22. Kd2 Bxb2 23. Bg3 Rd8+ 24. Nd6+ Kf8 25. Bf3 Rxg3 26. hxg3 Be5 27. Rxh7 Kg8 28. Rh5 Bxd6 29. cxd6 Rxd6+ 30. Kc1 Rb6 31. Rh4 Kf8 32. Rd4 Rf6 33. Rd3 1-0


[Site "https://www.chess.com"]

[Event "Titled Tuesday Blitz April 18 Early 2023"]
[White "Makhmudov, Shukhrat"]
[Black "Estrada Nieto, Julian"]
[WhiteFideId "14200775"]
[BlackFideId "5101018"]
[WhiteElo "2135"]
[BlackElo "2161"]
[Result "0-1"]
[Round "07"]
[TimeControl "180+2"]
[Date "2023.04.18"]
[WhiteClock "0:00:23"]
[BlackClock "0:00:19"]

1. e4 e5 2. Nf3 Nc6 3. Bb5 a6 4. Ba4 Nf6 5. O-O Be7 6. Bxc6 dxc6 7. d3 Nd7 8. Nbd2 O-O 9. Nc4 f6 10. Nh4 Nc5 11. Ne3 g6 12. Nf3 Ne6 13. Nc4 Nd4 14. Nxd4 exd4 15. f4 Be6 16. b3 b5 17. Nd2 Qd7 18. Nf3 c5 19. a4 Rfd8 20. Bd2 c4 21. bxc4 bxc4 22. e5 c3 23. Be1 f5 24. Bf2 c5 25. Qe1 Rab8 26. Bh4 Rb2 27. Bxe7 Qxe7 28. Qf2 Rdb8 29. Ng5 Bd5 30. Rfe1 h6 31. Nh3 R8b6 32. Re2 Rb1+ 33. Rxb1 Rxb1+ 34. Re1 Qb7 35. Qg3 Kh7 36. Kf2 Qb2 37. Ng1 Qxc2+ 38. Ne2 Rxe1 39. Kxe1 Qd2+ 40. Kf2 c2 41. Qh4 Qe3+ 42. Kf1 c1=Q+ 43. Nxc1 Qxc1+ 44. Ke2 Qc2+ 45. Ke1 Qb1+ 46. Ke2 Qb7 47. Qf6 Qf7 48. Qd6 c4 49. dxc4 Bxc4+ 50. Kd2 d3 51. Qd4 Qd5 52. Qa7+ Qf7 53. Qd4 a5 54. h4 h5 55. g3 Qc7 56. Qd6 Qxd6 57. exd6 Be6 58. Kxd3 Bd7 59. Kd4 Bxa4 60. Kc5 Kg7 61. Kb6 Kf7 62. Kxa5 Bd7 63. Kb6 Ke6 64. Kb7 Kxd6 65. Kb6 Be6 66. Kb5 Kd5 67. Kb4 Ke4 68. Kc3 Kf3 69. Kd2 Kxg3 70. Ke1 Kxf4 71. Kf1 Kg4 72. Kg1 Kxh4 73. Kg2 Kg4 74. Kh2 Bd5 75. Kg1 f4 76. Kh2 h4 77. Kg1 g5 78. Kf2 Be6 79. Kg1 Bd7 80. Kh2 f3 81. Kg1 Kg3 82. Kh1 Bc6 83. Kg1 f2+ 84. Kf1 Bb5# 0-1


[Site "https://www.chess.com"]

[Event "Titled Tuesday Blitz April 18 Early 2023"]
[White "lluiss"]
[Black "Bas Mas, Jose Joaquin"]
[BlackFideId "22219064"]
[WhiteElo "2283"]
[BlackElo "2233"]
[Result "0-1"]
[Round "07"]
[TimeControl "180+2"]
[Date "2023.04.18"]
[WhiteClock "0:01:26"]
[BlackClock "0:01:55"]

1. Nf3 Nf6 2. c4 e6 3. b3 a6 4. g3 b5 5. Bg2 Bb7 6. O-O c5 7. Bb2 d6 8. e3 Nbd7 9. Qe2 Be7 10. Rd1 O-O 11. cxb5 axb5 12. a4 b4 13. d4 Ba6 14. Qd2 Rc8 15. dxc5 Nxc5 16. Nd4 d5 17. Nb5 Nxb3 18. Qe2 Nxa1 19. Bxa1 Qa5 20. Qb2 Qxa4 21. Nd4 Bc4 22. Nd2 Qxd1+ 0-1


[Site "https://www.chess.com"]

[Event "Titled Tuesday Blitz April 18 Early 2023"]
[White "Smietanska, Wiktoria"]
[Black "Gonzalez, Francisco Silva"]
[WhiteFideId "21869359"]
[BlackFideId "1512285"]
[WhiteElo "1995"]
[BlackElo "2074"]
[Result "1-0"]
[Round "07"]
[TimeControl "180+2"]
[Date "2023.04.18"]
[WhiteClock "0:00:05"]
[BlackClock "0:00:04"]

1. c4 e6 2. Nc3 d6 3. d4 g6 4. e4 Bg7 5. Nf3 Nd7 6. Be3 c5 7. Qd2 h6 8. Rd1 cxd4 9. Nxd4 a6 10. Nb3 Bf8 11. c5 Ngf6 12. cxd6 b5 13. Nd4 Bb7 14. f3 Bg7 15. Be2 O-O 16. Bxh6 Rc8 17. O-O b4 18. Na4 Qa5 19. b3 Nc5 20. Nxc5 Qxc5 21. Bxg7 Kxg7 22. Kh1 Nd7 23. Rc1 Qa5 24. Bc4 Qe5 25. Qb2 Kg8 26. Rcd1 a5 27. Rd2 a4 28. Nb5 Qxb2 29. Rxb2 a3 30. Rd2 Rc5 31. Nc7 Rc8 32. Nxe6 fxe6 33. Bxe6+ Kg7 34. Bxd7 Rd8 35. Bg4 Rc3 36. Rfd1 Kf6 37. Re2 Ke5 38. f4+ Kxf4 39. Bf3 Ke5 40. Red2 g5 41. h3 Rd7 42. Kh2 Rd8 43. Bg4 Bxe4 44. Re2 Kf4 45. Rf1+ Ke5 46. Rfe1 Rxd6 47. Rxe4+ Kf6 48. R4e2 Rdc6 49. Rf1+ Kg6 50. Bf5+ Kh5 51. g4+ Kh4 52. Re8 Rxh3+ 53. Kg2 Rg3+ 54. Kf2 Rh6 55. Rh1+ Rh3 56. Rxh3+ Kxh3 57. Rg8 Rd6 58. Rxg5 Rd2+ 59. Kf3 Kh2 60. Rh5+ Kg1 61. g5 Rxa2 62. g6 Rf2+ 63. Kg3 a2 64. g7 a1=Q 65. g8=Q Qe5+ 66. Kh3+ Kh1 67. Kg4+ Kg1 68. Kh4+ Kh1 69. Kg5+ Kg1 70. Kh6+ Rg2 71. Rg5 Qh2+ 72. Kg6 Rxg5+ 73. Kxg5 Qg3+ 74. Bg4 Qe5+ 75. Kh4 Qh2+ 76. Kg5 Qe5+ 77. Kg6 Qe4+ 78. Bf5 Qc6+ 79. Kh5+ Kf2 80. Qg4 Qc5 81. Qg5 Ke2 82. Qg4+ Kd2 83. Qf4+ Kc3 84. Qf3+ Kb2 85. Kg4 Qd4+ 86. Kg3 Qc3 87. Qxc3+ bxc3 88. b4 Kb3 89. b5 c2 90. Bxc2+ Kc4 91. b6 Kc5 92. b7 Kc6 93. b8=Q 1-0


[Site "https://www.chess.com"]

[Event "Titled Tuesday Blitz April 18 Early 2023"]
[White "Kopczynski, Michal"]
[Black "Tyagi, Kushan"]
[WhiteFideId "1124200"]
[BlackFideId "2040069"]
[WhiteElo "2212"]
[BlackElo "2283"]
[Result "1/2-1/2"]
[Round "07"]
[TimeControl "180+2"]
[Date "2023.04.18"]
[WhiteClock "0:00:09"]
[BlackClock "0:00:04"]

1. e4 c5 2. d4 cxd4 3. c3 Nf6 4. Bd3 dxc3 5. Nxc3 Nc6 6. f4 d6 7. Nf3 Bg4 8. O-O e6 9. Kh1 Be7 10. Qe1 O-O 11. Be3 a6 12. Rd1 Qc7 13. Qg3 b5 14. e5 dxe5 15. fxe5 Bxf3 16. exf6 Qxg3 17. hxg3 Bxd1 18. fxe7 Nxe7 19. Nxd1 Rfd8 20. Be4 Rac8 21. Bb7 Rc2 22. Bxa6 Nf5 23. Bf4 g5 24. Be5 Rd5 25. g4 Rxe5 26. gxf5 exf5 27. a4 bxa4 28. Bd3 Rd2 29. Bc4 h5 30. b4 Rd4 31. Ba2 Rxb4 32. Nc3 a3 33. Kh2 h4 34. Rd1 Rc5 35. Nd5 Rb2 36. Ra1 Rxa2 37. Rxa2 Rxd5 38. Rxa3 Kg7 39. Ra6 f6 40. Kh3 Kg6 41. Kh2 Rd4 42. Kh3 Rd3+ 43. Kh2 g4 44. Kg1 Kg5 45. Kf1 g3 46. Ke2 Rb3 47. Ra8 Rb2+ 48. Kf1 Kg4 49. Rg8+ Kf4 50. Rh8 Rf2+ 51. Kg1 Rb2 52. Kf1 Ke3 53. Re8+ Kf4 54. Rh8 1/2-1/2


[Site "https://www.chess.com"]

[Event "Titled Tuesday Blitz April 18 Early 2023"]
[White "Coelho, Ramyres Santana"]
[Black "Topalov, Aleksandar"]
[WhiteFideId "2120690"]
[BlackFideId "925659"]
[WhiteElo "1888"]
[BlackElo "2151"]
[Result "0-1"]
[Round "07"]
[TimeControl "180+2"]
[Date "2023.04.18"]
[WhiteClock "0:01:02"]
[BlackClock "0:00:47"]

1. e4 e6 2. d4 d5 3. Nc3 Bb4 4. e5 Qd7 5. a3 Bxc3+ 6. bxc3 b6 7. Qg4 f5 8. Qf4 Qf7 9. Nf3 h6 10. h4 Ba6 11. Bxa6 Nxa6 12. O-O Nb8 13. a4 Nc6 14. Ba3 Nge7 15. Nd2 O-O 16. Qh2 Qh5 17. f4 Rfd8 18. Rf3 Ng6 19. g3 Na5 20. Raf1 Qg4 21. Qg2 Nc4 22. Nxc4 dxc4 23. Kh2 Rd5 24. Qh3 Qh5 25. Rg1 c5 26. dxc5 Qxf3 27. cxb6 Rd2+ 28. Rg2 Rxg2+ 29. Qxg2 Qxg2+ 30. Kxg2 axb6 31. h5 Rxa4 32. Bd6 Nf8 33. Kf3 Ra2 34. Ke3 Rxc2 35. Kd4 Rg2 36. Kxc4 Rxg3 37. Bb4 Rg4 38. Kb5 Rxf4 39. Kxb6 Nd7+ 40. Kc6 Nxe5+ 41. Kd6 Nd3 42. Kxe6 Nxb4 43. cxb4 Rxb4 44. Kxf5 Rb5+ 45. Kg6 Rg5# 0-1


[Site "https://www.chess.com"]

[Event "Titled Tuesday Blitz April 18 Early 2023"]
[White "Thomas, Anysia"]
[Black "Corredor Castellanos, Camilo"]
[WhiteFideId "670472"]
[BlackFideId "4425871"]
[WhiteElo "2091"]
[BlackElo "1994"]
[Result "1-0"]
[Round "07"]
[TimeControl "180+2"]
[Date "2023.04.18"]
[WhiteClock "0:00:06"]
[BlackClock "0:00:18"]

1. d4 Nf6 2. c4 e6 3. Nf3 d5 4. g3 c6 5. Bg2 Be7 6. O-O O-O 7. Qc2 a5 8. Nbd2 Na6 9. a3 Nc7 10. e4 dxe4 11. Nxe4 a4 12. Bf4 Nce8 13. Rad1 Ra5 14. h4 Qb6 15. c5 Qb3 16. Qc1 Nxe4 17. Nd2 Nxd2 18. Qxd2 Nf6 19. Qxa5 Qxb2 20. Qxa4 Nd5 21. Rb1 Qa2 22. Be3 Nxe3 23. fxe3 Qe2 24. Rbe1 Qg4 25. Kh2 e5 26. Qd1 Qe6 27. Qf3 f5 28. Qh5 g6 29. Qe2 Bf6 30. Qd2 Rd8 31. Rd1 exd4 32. exd4 Rxd4 33. Qe1 Rxd1 34. Qxe6+ Bxe6 35. Rxd1 Be7 36. Re1 Kf7 37. Rb1 Bc8 38. Rc1 Be6 39. Kg1 Bd5 40. Bxd5+ cxd5 41. Rb1 Bxc5+ 42. Kg2 Bxa3 43. Rxb7+ Be7 44. Kf3 Ke6 45. Ke3 h6 46. Rb6+ Kf7 47. Kd4 1-0


[Site "https://www.chess.com"]

[Event "Titled Tuesday Blitz April 18 Early 2023"]
[White "Pein, Jonathan"]
[Black "Nugumanov, Bakhtiyar"]
[WhiteFideId "417092"]
[BlackFideId "13701797"]
[WhiteElo "2151"]
[BlackElo "2209"]
[Result "1-0"]
[Round "07"]
[TimeControl "180+2"]
[Date "2023.04.18"]
[WhiteClock "0:00:08"]
[BlackClock "0:00:02"]

1. Nf3 b6 2. c4 Bb7 3. g3 c5 4. Bg2 g6 5. d4 Nf6 6. d5 b5 7. Nbd2 bxc4 8. e4 Bg7 9. O-O O-O 10. Re1 e6 11. Nxc4 exd5 12. Nd6 Bc6 13. e5 Ne4 14. Nxe4 dxe4 15. Ng5 Bxe5 16. Nxe4 Qb6 17. Bh6 Rd8 18. Bg5 Rc8 19. Bf6 Bd4 20. Qf3 d5 21. Nd6 Rf8 22. Be7 Nd7 23. Rad1 Ne5 24. Qf4 Bxb2 25. Rxe5 Bxe5 26. Qxe5 f6 27. Qe6+ Kg7 28. Bxf8+ Rxf8 29. Qe7+ Kg8 30. h4 Qb2 31. Rxd5 Qb1+ 32. Kh2 Qxa2 33. Rxc5 Qxf2 34. Rxc6 1-0


[Site "https://www.chess.com"]

[Event "Titled Tuesday Blitz April 18 Early 2023"]
[White "babbilator"]
[Black "Alexikov, Alexander"]
[BlackFideId "14103958"]
[WhiteElo "2267"]
[BlackElo "2186"]
[Result "1-0"]
[Round "07"]
[TimeControl "180+2"]
[Date "2023.04.18"]
[WhiteClock "0:00:11"]
[BlackClock "0:00:14"]

1. e4 c5 2. Nc3 Nc6 3. Nf3 g6 4. Bc4 Bg7 5. O-O e6 6. d4 cxd4 7. Nb5 d5 8. exd5 exd5 9. Bxd5 Nge7 10. Bxc6+ Nxc6 11. Re1+ Kf8 12. Bf4 Be6 13. Nc7 Bd5 14. Nxa8 Qxa8 15. Ne5 Qd8 16. Nxc6 Bxc6 17. Be5 Qd5 18. Bxg7+ Kxg7 19. f3 Rd8 20. Qd2 Rd7 21. a3 a5 22. Rad1 Qc5 23. Kh1 a4 24. Qe2 f6 25. h4 g5 26. hxg5 Qxg5 27. Kg1 h5 28. Qd2 Qg3 29. Qf2 Qf4 30. Rd2 h4 31. Red1 h3 32. Rxd4 Rxd4 33. Qxd4 Qg3 34. Qg4+ Qxg4 35. fxg4 hxg2 36. Rd4 Kg6 37. Kf2 Kg5 38. b3 axb3 39. cxb3 Kh4 40. a4 Kh3 41. Kg1 Kg3 42. a5 Kf3 43. b4 Ke3 44. Rc4 Bf3 45. Rc3+ Kf4 46. Rxf3+ Kxf3 47. b5 Kxg4 48. a6 Kg3 49. axb7 f5 50. b8=Q+ f4 51. Qe5 Kf3 52. Qe1 Kg4 53. Qf2 f3 54. Kh2 Kf4 55. b6 Ke4 56. b7 Kf4 57. b8=Q+ Ke4 58. Qe8+ 1-0


[Site "https://www.chess.com"]

[Event "Titled Tuesday Blitz April 18 Early 2023"]
[White "Matveeva, Olga"]
[Black "Chirivi C, Jenny Astrid"]
[WhiteFideId "24107018"]
[BlackFideId "4403061"]
[WhiteElo "2056"]
[BlackElo "2001"]
[Result "1-0"]
[Round "07"]
[TimeControl "180+2"]
[Date "2023.04.18"]
[WhiteClock "0:00:39"]
[BlackClock "0:00:12"]

1. d4 Nf6 2. c4 e6 3. g3 Bb4+ 4. Bd2 Qe7 5. Nf3 Nc6 6. Nc3 O-O 7. Bg2 Bxc3 8. Bxc3 Ne4 9. Rc1 a5 10. O-O Nxc3 11. Rxc3 d6 12. d5 Nb8 13. dxe6 fxe6 14. Qd2 Nc6 15. Rfc1 e5 16. c5 Be6 17. cxd6 cxd6 18. b3 Rac8 19. Ng5 Nd4 20. Nxe6 Qxe6 21. e3 Rxc3 22. Rxc3 Nf3+ 23. Bxf3 Rxf3 24. Rc7 Rf8 25. Qxa5 Qf5 26. Qd2 Qb1+ 27. Kg2 Qe4+ 28. Kg1 Qb1+ 29. Rc1 Qe4 30. Qxd6 Qf3 31. Qd2 Qe4 32. Rd1 b5 33. Qd5+ Qxd5 34. Rxd5 e4 35. Rxb5 Rc8 36. a4 Rc2 37. a5 Ra2 38. b4 h6 39. Rb6 Ra4 40. a6 Kh7 41. b5 h5 42. Rb7 h4 43. gxh4 Kh6 44. a7 Kh5 45. b6 Kxh4 46. Kg2 g5 47. Rb8 1-0


[Site "https://www.chess.com"]

[Event "Titled Tuesday Blitz April 18 Early 2023"]
[White "Zacurdajev, Dmitry"]
[Black "Bashirli, Saadat"]
[WhiteFideId "4196309"]
[BlackFideId "13429990"]
[WhiteElo "2189"]
[BlackElo "1408"]
[Result "1-0"]
[Round "07"]
[TimeControl "180+2"]
[Date "2023.04.18"]
[WhiteClock "0:00:10"]
[BlackClock "0:00:04"]

1. d4 d5 2. c4 e6 3. Nc3 c6 4. Nf3 Nf6 5. Bg5 Be7 6. e3 Nbd7 7. Qc2 h6 8. Bh4 O-O 9. Rd1 dxc4 10. Bxc4 b5 11. Be2 Bb7 12. Ne5 Qc7 13. Nxd7 Qxd7 14. O-O Rfd8 15. Bxf6 Bxf6 16. Ne4 Be7 17. Rc1 a6 18. Bf3 Rac8 19. Nc5 Bxc5 20. Qxc5 Ba8 21. b4 Qd6 22. a3 Kf8 23. Qh5 Rc7 24. Rc5 Rdc8 25. Be4 Ke7 26. f4 Re8 27. f5 Kd8 28. f6 Qf8 29. Qe5 g6 30. Rfc1 Kd7 31. Bf3 Qd6 32. Qe4 Rec8 33. Bg4 Re8 34. d5 Rcc8 35. dxe6+ Kc7 36. h3 fxe6 37. Qxg6 Rcd8 38. Qxh6 e5 39. Qg7+ Kb6 40. f7 Rf8 41. Qg5 Qc7 42. Rxe5 Rxf7 43. Rf5 Rfd7 44. Rf2 Re7 45. Rcf1 Rde8 46. Qf4 Qa7 47. e4 Qb7 48. Qd2 Ka7 49. Qd4+ Kb8 50. Bf3 c5 51. Qxc5 Rc7 52. Qd6 Ka7 53. Qg3 Rd7 54. Re2 Kb6 55. Qf2+ Kc7 56. Rc2+ Kb8 57. Rfc1 Red8 58. e5 Qa7 59. Bxa8 Qxa8 60. e6 Rd1+ 61. Rxd1 Rxd1+ 62. Kh2 Qb7 63. Qg3+ Ka7 64. Rc7 Re1 65. Rxb7+ Kxb7 66. Qxe1 Kc7 67. e7 Kd7 68. e8=Q+ Kd6 69. Q1e5# 1-0


[Site "https://www.chess.com"]

[Event "Titled Tuesday Blitz April 18 Early 2023"]
[White "Antonova, Nadezhda"]
[Black "Lach, Aleksandra"]
[WhiteFideId "14700182"]
[BlackFideId "1134299"]
[WhiteElo "1765"]
[BlackElo "2111"]
[Result "0-1"]
[Round "07"]
[TimeControl "180+2"]
[Date "2023.04.18"]
[WhiteClock "0:00:03"]
[BlackClock "0:00:09"]

1. Nf3 f5 2. b3 d6 3. Bb2 e5 4. d3 Nf6 5. g3 g6 6. Bg2 Bg7 7. O-O O-O 8. Nbd2 Nc6 9. e4 f4 10. gxf4 exf4 11. d4 Bg4 12. e5 dxe5 13. dxe5 Nd5 14. Qe2 Re8 15. Rad1 Bxe5 16. Bxe5 Nxe5 17. Ne4 Qe7 18. Rxd5 Nxf3+ 19. Bxf3 Bxf3 20. Qxf3 Qxe4 21. Qxe4 Rxe4 22. Rd7 Rc8 23. Kg2 g5 24. Kf3 Re6 25. Rfd1 h6 26. R1d2 b5 27. h4 gxh4 28. Kxf4 Rf8+ 29. Kg4 Re4+ 30. Kh3 Rf3+ 31. Kg2 Rc3 32. f3 Re6 33. Rf2 Rf6 34. Re2 Rfxf3 35. Re8+ Rf8 36. Ree7 Rxc2+ 37. Kh3 Rc3+ 38. Kxh4 Rf4+ 39. Kh5 Rh3+ 40. Kg6 Rg4+ 41. Kf5 Rg5+ 42. Kf4 Rh4+ 43. Kf3 Rf5+ 44. Kg3 Rhf4 45. Re8+ Rf8 46. Ree7 Rf3+ 47. Kg2 Rf2+ 48. Kg1 Rf1+ 49. Kg2 R8f2+ 50. Kg3 Rf7 51. Re8+ Kg7 52. Rdd8 R7f3+ 53. Kg4 Rf4+ 54. Kg3 Rf7 55. Rg8+ Kf6 56. Rh8 Rg1+ 57. Kh2 Rg6 58. Ra8 Kg5 59. Rxa7 Kh5 60. Ra5 c6 61. a4 Rf2+ 62. Kh1 Rf1+ 63. Kh2 Rf2+ 64. Kh1 Rf3 65. Kh2 Rxb3 66. axb5 Rxb5 67. Raa8 Rb2+ 68. Kh3 Rb3+ 69. Kh2 Rb5 70. Rac8 c5 71. Rc7 c4 72. Rhc8 Rbg5 73. Rxc4 Rg2+ 74. Kh1 Rg1+ 75. Kh2 R6g2+ 76. Kh3 Rg5 77. R8c5 Rh1# 0-1


[Site "https://www.chess.com"]

[Event "Titled Tuesday Blitz April 18 Early 2023"]
[White "Dixit, Nikhil"]
[Black "Broca Jimenez, Fernando"]
[WhiteFideId "5059534"]
[BlackFideId "5104742"]
[WhiteElo "2207"]
[BlackElo "2062"]
[Result "1-0"]
[Round "07"]
[TimeControl "180+2"]
[Date "2023.04.18"]
[WhiteClock "0:01:46"]
[BlackClock "0:00:50"]

1. e4 c5 2. Nf3 g6 3. d4 cxd4 4. Qxd4 Nf6 5. Bb5 a6 6. Ba4 b5 7. Bb3 Nc6 8. Qd3 d6 9. a4 b4 10. O-O Bg7 11. Qc4 O-O 12. Qxc6 Rb8 13. Qc4 Bg4 14. Nbd2 Nd7 15. Qxa6 Nc5 16. Qe2 Qb6 17. Nc4 Qb7 18. h3 Be6 19. Ng5 Bd7 20. Be3 h6 21. Bxc5 hxg5 22. Be3 Bxb2 23. Nxb2 1-0


[Site "https://www.chess.com"]

[Event "Titled Tuesday Blitz April 18 Early 2023"]
[White "Ciuffoletti, Paolo"]
[Black "Begunov, Konstantin"]
[WhiteFideId "807630"]
[BlackFideId "4118510"]
[WhiteElo "2143"]
[BlackElo "2087"]
[Result "0-1"]
[Round "07"]
[TimeControl "180+2"]
[Date "2023.04.18"]
[WhiteClock "0:00:02"]
[BlackClock "0:00:22"]

1. e4 c5 2. d4 cxd4 3. c3 Nf6 4. e5 Nd5 5. Qxd4 e6 6. Bc4 Nc6 7. Qe4 Nde7 8. Bf4 Ng6 9. Bg3 Qc7 10. Nf3 b6 11. O-O Bb7 12. Qe2 h5 13. h4 Nce7 14. Bd3 Qc6 15. Nbd2 Nf5 16. Be4 Qc7 17. Bxf5 exf5 18. e6 f4 19. exf7+ Kxf7 20. Ng5+ Kg8 21. Bh2 Nxh4 22. g3 Nf5 23. Qd3 g6 24. gxf4 Be7 25. Ndf3 Kg7 26. Rfe1 Bf6 27. Rad1 Rad8 28. Ne5 Rhe8 29. Nxg6 Kxg6 30. Rxe8 Rxe8 31. Qxd7 Qxd7 0-1


[Site "https://www.chess.com"]

[Event "Titled Tuesday Blitz April 18 Early 2023"]
[White "Tuleyeva-Aketayeva, Dana"]
[Black "Petrova, Irina"]
[WhiteFideId "13701932"]
[BlackFideId "14124122"]
[WhiteElo "2030"]
[BlackElo "2084"]
[Result "0-1"]
[Round "07"]
[TimeControl "180+2"]
[Date "2023.04.18"]
[WhiteClock "0:00:01"]
[BlackClock "0:00:53"]

1. d4 d6 2. Nf3 g6 3. g3 Bg7 4. Bg2 Nf6 5. O-O O-O 6. c4 Nc6 7. Nc3 Bf5 8. Re1 Ne4 9. Nh4 Nxc3 10. bxc3 Bd7 11. e4 e5 12. Be3 Qf6 13. d5 Na5 14. Bf1 b6 15. Ng2 Bc8 16. f4 exf4 17. Bd4 Qe7 18. gxf4 Ba6 19. Bxg7 Kxg7 20. Qd4+ Qf6 21. e5 dxe5 22. fxe5 Qg5 23. Re4 Rae8 24. Rae1 Kg8 25. Kh1 Nb7 26. Rg4 Qe7 27. e6 fxe6 28. Rxe6 Rxf1+ 29. Qg1 Rxg1+ 30. Kxg1 Qxe6 31. dxe6 Rxe6 32. Rd4 Nc5 33. Nf4 Re7 34. Nd5 Rf7 0-1


[Site "https://www.chess.com"]

[Event "Titled Tuesday Blitz April 18 Early 2023"]
[White "LeoLV10"]
[Black "Tarnowska, Aleksandra"]
[BlackFideId "1180967"]
[WhiteElo "2381"]
[BlackElo "1776"]
[Result "1-0"]
[Round "07"]
[TimeControl "180+2"]
[Date "2023.04.18"]
[WhiteClock "0:00:04"]
[BlackClock "0:00:03"]

1. e4 c5 2. Nf3 e6 3. d4 cxd4 4. Nxd4 a6 5. Nc3 Qc7 6. a3 b5 7. f4 Bb7 8. Be2 Bc5 9. Be3 d6 10. Bf3 Nc6 11. Qd2 Nf6 12. Nxc6 Bxc6 13. Rd1 O-O 14. O-O Qb6 15. Bxc5 dxc5 16. Qe3 Rad8 17. b4 Nd7 18. Rd6 Rc8 19. e5 Bxf3 20. Rxb6 cxb4 21. axb4 Nxb6 22. Qxb6 Rxc3 23. Rxf3 Rxc2 24. Rf1 Rfc8 25. h3 R2c6 26. Qe3 g6 27. Rf2 Rc3 28. Qe4 R3c4 29. Qe2 Rxb4 30. Kh2 a5 31. Qa2 a4 32. Rb2 Rcc4 33. Qa3 Rxb2 34. Qxb2 b4 35. Qa2 b3 36. Qb2 Rb4 37. Qa3 b2 38. Qxb4 1-0


[Site "https://www.chess.com"]